 Dungeon Crawl Stone Soup version 0.25-a0-353-ged6d54792d (webtiles) character file.

Game seed: 6185061655539231801, levelgen mode: deterministic

77 Gargoyl the Skirmisher (level 4, -7/38 HPs)
             Began as a Centaur Abyssal Knight on Jan 2, 2020.
             Was a Follower of Lugonu.
             Mangled by Sigmund
             ... wielding a +2 scythe of flaming
              (11 damage)
             ... on level 2 of the Dungeon.
             The game lasted 00:03:20 (1913 turns).

Gargoyl the Skirmisher (Centaur Abyssal Knight)     Turns: 1913, Time: 00:03:21

Health: -7/38      AC:  8    Str: 13 (14) XL:     4   Next: 14%
Magic:  5/5        EV:  6    Int:  9 (11) God:    Lugonu [*.....]
Gold:   120        SH:  6    Dex: 12 (15) Spells: 3/3 levels left

rFire    + + .     SeeInvis .   a - +1 hand axe
rCold    . . .     Gourm    .   l - +0 shield
rNeg     . . .     Faith    .   d - +0 chain mail
rPois    .         Spirit   .   (no helmet)
rElec    .         Reflect  .   (no cloak)
rCorr    .         Harm     .   h - +0 pair of gloves
MR       .....                  (no barding)
Stlth    ..........             g - amulet of the acrobat
HPRegen  0.12/turn              b - ring of protection from fire
MPRegen  0.09/turn              k - ring of protection from fire

@: agile, very quick
A: large, hooves 3, deformed body, speed 2, tough skin 3
a: Depart the Abyss, Renounce Religion


You were on level 2 of the Dungeon.
You worshipped Lugonu.
Lugonu was aware of your devotion.
You were very hungry.

You visited 1 branch of the dungeon, and saw 2 of its levels.
You visited the Abyss 1 time.

You collected 120 gold pieces.

Inventory:

Hand Weapons
 a - a +1 hand axe (weapon)
Armour
 d - a +0 chain mail (worn)
 h - a +0 pair of gloves (worn)
 l - a +0 shield (worn)
Jewellery
 b - a ring of protection from fire (left hand)
 g - an amulet of the acrobat (around neck)
 k - a ring of protection from fire (right hand)
Scrolls
 j - 2 scrolls of remove curse
Comestibles
 c - 4 rations


   Skills:
 + Level 3.5 Fighting
 + Level 2.2 Axes
 * Level 2.2 Armour
 * Level 1.1 Dodging
 * Level 2.4 Invocations


You had 3 spell levels left.
You didn't know any spells.
Your spell library was empty.

Dungeon Overview and Level Annotations

Branches:
Dungeon (2/15)

Altars:

Annotations:
D:2 Sigmund


Innate Abilities, Weirdness & Mutations

You have hooves in place of feet.
Armour fits poorly on your strangely shaped body.
You cover ground very quickly.
You have extremely tough skin. (AC +3)


Message History

You feel less wooden.
Your +0 pair of gloves unmelds from your body.
Your +0 chain mail unmelds from your body.
Something hits you.
You closely miss something.
You feel less confused. Something hits you.
You closely miss something. Something hits you.
You hit something. You kick something.
You hear some strange, mumbled words.
A magic dart appears from out of thin air!
The magic dart hits you.
Your chain mail prevents you from hitting something.
Something hits you!
* * * LOW HITPOINT WARNING * * *
Something burns you.
* * * LOW HITPOINT WARNING * * *
Your shield and chain mail prevent you from hitting something.
You kick something. Something hits you!
You die...

..# #.#.# ### #.#.#
#.#.# #.#.# #### #.#.#
#.. #.#.#
##.###########.#.#
#..###..............#.#
#..{@..........####.#
#.####.######........#
#.# #...####.# #.#
##### #.# #.# #.# #.#
#.# #.# #.# #.# #.# .#


There were no monsters in sight!

Vanquished Creatures
  Jessica (D:2)
  2 adders (D:2)
  A dart slug (D:1)
  A leopard gecko (D:2)
  A giant cockroach (D:2)
  A goblin (D:1)
  5 hobgoblins
  5 jackals
  3 frilled lizards (D:1)
  7 kobolds
  5 rats
  A lurking horror (Abyss:1)
33 creatures vanquished.

Notes
Turn   | Place    | Note
-------+----------+-------------------------------------------
     0 | Abyss:1  | Gargoyl the Centaur Abyssal Knight began the quest for the
                  | Orb.
     0 | Abyss:1  | Reached XP level 1. HP: 19/19 MP: 2/2
     8 | Abyss:1  | Found a corrupted altar of Lugonu.
    56 | Abyss:1  | Noticed an ettin skeleton
    77 | Abyss:1  | Noticed a wraith
   108 | Abyss:1  | Noticed a neqoxec
   119 | D:1      | Escaped the Abyss
   455 | D:1      | Reached XP level 2. HP: 21/26 MP: 3/3
   623 | D:1      | Reached * piety under Lugonu
  1129 | D:2      | Reached XP level 3. HP: 27/31 MP: 4/4
  1137 | D:2      | Noticed Jessica
  1152 | D:2      | Killed Jessica
  1152 | D:2      | Reached skill level 1 in Dodging
  1505 | D:2      | Reached XP level 4. HP: 22/38 MP: 5/5
  1868 | D:2      | Noticed Sigmund
  1913 | D:2      | Mangled by Sigmund

Levels and vault maps discovered:
D:1:      dpeg_arrival_stone_temple_mockup, layout_basic
D:2:      layout_loops_ring, uniq_jessica, uniq_sigmund

Skill      XL: |  1  2  3 |
---------------+----------+-----
Axes           | 2 |  2.2
Armour         | 2 |  2.2
Dodging        | 1 |  1.1
Fighting       | |  3.5
Invocations    | |  2.4

Action                   |  1- 3 |  4- 6 || total
-------------------------+-------+-------++-------
Melee: Hand axe          |    74 |    20 ||    94
       Kick              |    12 |     4 ||    16
Invok: Depart the Abyss  |     1 |       ||     1
  Use: Potion            |     3 |     3 ||     6
       Scroll            |       |     4 ||     4
 Stab: Invisible         |     2 |       ||     2
  Eat: Chunk             |     1 |       ||     1
Armor: Chain mail        |    39 |    14 ||    53
       Skin              |       |    19 ||    19
Dodge: Dodged            |    15 |     1 ||    16
Block: Shield            |       |     6 ||     6

Table legend:
 A = Non-vault XP
 B = Vault XP
 C = Vault XP percentage of total XP
 D = Non-vault monster count
 E = Vault monster count
 F = Vault count percentage of total count
                 A         B        C        D         E       F
            +---------+---------+-------+---------+---------+-------
      Total |      74 |      37 |  33.3 |      31 |       1 |   3.1
            +---------+---------+-------+---------+---------+-------
        D:1 |      29 |       0 |   0.0 |      18 |       0 |   0.0
        D:2 |      45 |      37 |  45.1 |      13 |       1 |   7.1
            +---------+---------+-------+---------+---------+-------
